Map: [ESL] Ancient Cistern

Players

Spazymazy

  • Race: Zerg Zerg
  • Spawn Location: 7:00

SKillous - Winner!

  • Race: Protoss Protoss
  • Spawn Location: 1:00

Event: ESL SC2 Masters 2023 Summer (Finals)

VOD

Have the link to the VOD?

Description

Time

  • Played on: June 16, 2023, 9:40 a.m.
  • Length: 9:18

All games in this series

Show
View Real Time Build Order
Export as new Build Order

Spazymazy Zerg 

Build Orders: Hatch First 

Get SALT Encoding   

  12  0:00  Drone  
  13  0:12  Overlord  
  13  0:16  Drone  
  14  0:30  Drone  
  14  0:31  Drone  
  16  0:47  Hatchery  
  15  0:50  Drone  
  15  0:54  Drone  
  17  0:57  Drone  
  18  1:07  Extractor  
  17  1:12  Spawning Pool  
  17  1:15  Drone  
  18  1:18  Drone  
  18  1:28  Drone  
  19  1:40  Drone  
  20  1:51  Overlord  
  20  1:59  Queen  
  20  2:00  Queen  
  24  2:01  Zergling x4  
  26  2:11  Drone  
  26  2:12  Metabolic Boost  
  26  2:15  Drone  
  28  2:20  Drone  
  28  2:22  Drone  
  30  2:37  Hatchery  
  30  2:41  Overlord  
  30  2:43  Drone  
  30  2:46  Drone  
  31  2:53  Queen  
  31  2:56  Drone  
  34  3:01  Drone x2  
  36  3:08  Drone x2  
  36  3:09  Drone  
  39  3:14  Overlord  
  39  3:16  Zergling x4  
  41  3:24  Overlord  
  41  3:27  Drone  
  41  3:30  Queen  
  44  3:35  Drone  
  44  3:38  Spore Crawler  
  44  3:39  Drone  
  44  3:40  Drone x2  
  47  3:48  Drone x2  
  48  3:50  Drone  
  48  3:52  Drone, Queen  
  48  3:55  Drone  
  52  3:59  Spore Crawler  
  52  4:02  Drone x3  
  53  4:05  Drone  
  53  4:10  Drone x2  
  53  4:14  Spore Crawler  
  53  4:15  Drone x2  
  56  4:20  Drone  
  56  4:21  Overlord  
  57  4:25  Lair  
  56  4:35  Drone x2  
  56  4:36  Drone, Queen  
  57  4:40  Drone x2  
  57  4:41  Drone  
  60  4:49  Drone x2  
  60  4:51  Extractor  
  61  4:56  Overlord  
  62  5:00  Drone x3  
  62  5:03  Extractor, Zergling x6  
  62  5:05  Overlord  
  62  5:06  Overlord  
  62  5:16  Drone x3  
  62  5:17  Drone  
  62  5:18  Drone x2  
  62  5:21  Extractor x2, Queen  
  67  5:22  Queen  
  71  5:28  Drone x2  
  71  5:29  Hydralisk Den  
  71  5:40  Zergling x6  
  73  5:48  Overlord  
  73  5:49  Drone  
  75  5:50  Drone x5  
  79  5:57  Overlord  
  79  6:05  Nydus Network  
  79  6:09  Hydralisk x5  
  79  6:10  Hydralisk x2  
  92  6:12  Overlord x2  
  92  6:15  Overseer  
  92  6:22  Overlord  
  92  6:23  Hydralisk x2, Overlord  
  96  6:29  Hydralisk  
  96  6:30  Hydralisk  
  96  6:31  Zergling x2  
  101  6:34  Hydralisk  
  101  6:37  Hydralisk  
  105  6:42  Hydralisk  
  105  6:43  Zergling x2  
  105  6:44  Zergling x6  
  111  6:48  Queen  
  113  6:54  Hydralisk x3  
  113  6:56  Zergling x2  
  113  6:57  Zergling x4  
  113  6:58  Nydus Canal  
  122  7:05  Hydralisk x2  
  122  7:06  Zergling x4  
  128  7:17  Hydralisk  
  128  7:18  Hydralisk  
  128  7:19  Hydralisk x2  
  136  7:23  Zergling x2  
  136  7:25  Zergling x2  
  136  7:26  Overlord x2  
  138  7:33  Overlord, Zergling x2  
  133  7:40  Hydralisk x2  
  133  7:41  Zergling x6  
  133  7:42  Pneumatized Carapace  
  133  7:44  Hydralisk x2  
  133  7:49  Hydralisk  
  133  7:50  Hydralisk, Zergling x4  
  132  7:53  Hydralisk  
  132  7:57  Hydralisk  
  132  7:58  Zergling x4  
  113  8:05  Hydralisk  
  113  8:06  Hydralisk, Zergling x2  
  113  8:07  Zergling x4  
  113  8:12  Extractor  
  109  8:17  Drone x3  
  111  8:32  Spire, Overseer  
  110  8:39  Drone  
  110  8:40  Drone x4  
  115  8:42  Overlord  
  115  8:43  Hatchery  
  115  8:44  Hydralisk x3  
  118  8:55  Zergling x4  
  122  8:58  Zergling x4  
Show
View Real Time Build Order
Export as new Build Order

SKillous Protoss - Winner!

Build Orders: 1 Gate Expand, Oracle Opening 

Get SALT Encoding   

  12  0:00  Probe  
  13  0:12  Probe  
  14  0:19  Pylon  
  14  0:24  Probe  
  15  0:37  Probe (Chrono Boost)  
  15  0:39  Gateway  
  16  0:46  Probe (Chrono Boost)  
  16  0:47  Assimilator  
  17  0:52  Probe  
  18  1:04  Probe  
  19  1:16  Probe  
  20  1:24  Nexus  
  20  1:35  Cybernetics Core  
  20  1:37  Probe  
  21  1:43  Assimilator  
  21  1:49  Probe  
  22  1:54  Pylon  
  23  2:01  Probe  
  23  2:09  Adept (Chrono Boost)  
  23  2:13  Probe  
  26  2:16  Stargate  
  26  2:25  Warp Gate  
  26  2:26  Probe (Chrono Boost)  
  27  2:34  Adept  
  29  2:38  Probe (Chrono Boost)  
  29  2:43  Probe (Chrono Boost)  
  31  2:46  Probe (Chrono Boost)  
  31  2:50  Probe (Chrono Boost)  
  33  2:52  Probe  
  33  2:56  Oracle (Chrono Boost)  
  34  3:01  Probe  
  34  3:04  Probe  
  39  3:06  Pylon  
  39  3:07  Stalker  
  41  3:14  Probe  
  41  3:16  Probe  
  43  3:26  Probe  
  44  3:27  Gateway  
  44  3:31  Oracle (Chrono Boost)  
  47  3:36  Probe  
  47  3:38  Probe  
  49  3:49  Probe  
  49  3:52  Nexus  
  49  3:54  Pylon  
  50  3:56  Probe  
  51  4:05  Oracle  
  51  4:07  Shield Battery  
  54  4:12  Probe (Chrono Boost)  
  54  4:15  Probe (Chrono Boost)  
  56  4:19  Assimilator  
  56  4:21  Pylon, Assimilator  
  57  4:25  Probe (Chrono Boost)  
  57  4:28  Probe (Chrono Boost), Forge  
  57  4:30  Probe (Chrono Boost), Twilight Council  
  59  4:36  Probe (Chrono Boost)  
  60  4:42  Gateway  
  60  4:43  Probe (Chrono Boost)  
  60  4:45  Gateway  
  61  4:48  Probe (Chrono Boost)  
  63  4:55  Probe x2 (Chrono Boost)  
  63  4:57  Robotics Facility  
  64  5:02  Probe  
  64  5:04  Probe  
  64  5:05  Protoss Ground Weapons Level 1  
  65  5:08  Blink (Chrono Boost)  
  65  5:16  Probe x2  
  65  5:17  Probe  
  65  5:18  Shield Battery  
  65  5:21  Stalker x2  
  73  5:28  Probe x2  
  73  5:29  Probe, Assimilator  
  73  5:31  Pylon  
  73  5:35  Assimilator  
  75  5:40  Probe x2, Stalker x2  
  75  5:41  Probe  
  82  5:42  Pylon  
  82  5:52  Probe, Stalker x2  
  82  5:54  Probe  
  88  6:02  Probe  
  89  6:04  Probe  
  89  6:06  Probe, Robotics Bay  
  89  6:08  Pylon, Shield Battery  
  89  6:10  Sentry  
  93  6:11  Sentry  
  93  6:15  Shield Battery x2  
  93  6:16  Probe  
  93  6:17  Probe, Sentry  
  99  6:18  Stalker  
  99  6:22  Photon Cannon  
  99  6:24  Shield Battery  
  101  6:27  Observer (Chrono Boost)  
  102  6:35  Gateway x2  
  102  6:38  Photon Cannon  
  102  6:39  Pylon  
  102  6:40  Stalker  
  102  6:46  Stalker x2  
  108  6:53  Robotics Facility  
  108  6:54  Colossus (Chrono Boost)  
  108  6:58  Pylon  
  108  7:00  Pylon  
  114  7:02  Stalker  
  114  7:06  Shield Battery  
  116  7:14  Shield Battery  
  116  7:18  Stalker, Sentry x2  
  116  7:21  Shield Battery  
  122  7:25  Pylon  
  122  7:34  Pylon  
  122  7:35  Pylon  
  119  7:42  Pylon  
  117  7:45  Gateway  
  117  7:46  Gateway, Colossus (Chrono Boost)  
  117  7:50  Colossus (Chrono Boost)  
  117  7:53  Stalker x4  
  127  8:03  Probe  
  126  8:06  Probe  
  126  8:07  Probe  
  126  8:26  Gateway  
  126  8:28  Gateway, Stalker x3  
  126  8:31  Pylon  
  132  8:37  Pylon  
  132  8:41  Pylon  
  132  8:45  Gateway  
  132  8:46  Gateway  
  134  8:57  Stalker x5  
  134  8:58  Stalker  
  134  9:00  Pylon  
  134  9:02  Gateway  
Tags
 
Add a new tag
Caveats
  • Supply blocks, unpowered buildings, or Contaminate may cause inaccurate times.
  • Supply counts are checked every 10 seconds.